 Dungeon Crawl Stone Soup version 0.20.1-1-g8b1a95d (webtiles) character file.

61 LeVisiteur the Skirmisher (level 3, -1/29 HPs)
             Began as a Demonspawn Chaos Knight on July 23, 2017.
             Slain by an orc
             ... wielding a +0 trident
              (7 damage)
             ... on level 3 of the Dungeon.
             The game lasted 00:15:46 (2336 turns).

LeVisiteur the Skirmisher (Demonspawn Chaos Knight) Turns: 2336, Time: 00:15:47

Health: -1/29      AC:  5    Str: 13    XL:     3   Next: 83%
Magic:  3/3        EV: 11    Int: 13    God:    Xom [...*..]
Gold:   173        SH:  0    Dex: 12    Spells: 2/2 levels left

rFire    . . .     SeeInvis .   a - +0 hand axe (chaos)
rCold    . . .     Gourm    .   (no shield)
rNeg     . . .     Faith    .   b - +2 leather armour
rPois    .         Spirit   .   (helmet restricted)
rElec    .         Reflect  .   (no cloak)
rCorr    .         Harm     .   (no gloves)
MR       .....                  (no boots)
Stlth    +.........             (no amulet)
Regen    0.1/turn               (no ring)
MPRegen  0.1/turn               (no ring)

@: no status effects
A: antennae 1, demonic guardian 1
a: Renounce Religion


You were on level 3 of the Dungeon.
You worshipped Xom.
You were a favourite toy of Xom.
You were not hungry.

You visited 1 branch of the dungeon, and saw 3 of its levels.

You collected 173 gold pieces.

Inventory:

Hand Weapons
 a - a +0 hand axe of chaos (weapon)
Missiles
 f - 2 javelins (quivered)
Armour
 b - a +2 leather armour (worn)
 h - a +0 scale mail
Scrolls
 e - a scroll of remove curse
 i - a scroll of identify {unknown}
 j - a scroll of random uselessness {unknown}
Potions
 d - a potion of agility {unknown}
 l - a potion of brilliance {unknown}
Comestibles
 c - a bread ration
 g - a meat ration
 k - a royal jelly


   Skills:
 + Level 3.4 Fighting
 + Level 3.4 Axes
 + Level 2.2 Armour
 + Level 1.1 Dodging
 + Level 0.8 Stealth


You had 2 spell levels left.
You didn't know any spells.

Dungeon Overview and Level Annotations

Branches:
Dungeon (3/15)

Altars:
Xom


Innate Abilities, Weirdness & Mutations

You have a pair of small antennae on your head.
A weak demonic guardian rushes to your aid.


Message History

The orc is lightly wounded.
The river rat bites you.
* * * LOW HITPOINT WARNING * * *
The orc closely misses you. The river rat closely misses you.
The orc hits you but does no damage.
The river rat changes into a jackal!
You see here a stone.
Throwing (i - inventory):
f - 4 javelins (quivered)
Press: ? - help, Shift-Dir - straight line, f/p - orc
Aim: an orc, wearing a ring mail (lightly wounded)
You throw a javelin. The javelin hits the jackal!
You kill the jackal!
Throwing (i - inventory):
f - 3 javelins (quivered)
Press: ? - help, Shift-Dir - straight line, f/p - orc
Aim: an orc, wearing a ring mail (lightly wounded)
You throw a javelin. The javelin hits the orc.
The orc is lightly wounded.
The orc hits you from afar with a trident!
You die... "Boring in life, boring in death..."

.. .. .. #. #.
#.
#.############
#ooo.@<.......
#[############
#. oo #.. #..
#.? ...


You could see 3 orcs.

Vanquished Creatures
  An adder (D:2)
  An ooze (D:2)
  2 dart slugs (D:1)
  2 worms
  A leopard gecko (D:2)
  2 orcs (D:3)
  4 bats
  2 giant cockroaches
  4 goblins
  4 hobgoblins
  A jackal (shapeshifter) (D:3)
  3 kobolds
  2 ball pythons (D:2)
  2 frilled lizards
  4 rats
35 creatures vanquished.

Notes
Turn   | Place    | Note
-------+----------+-------------------------------------------
     0 | D:1      | LeVisiteur the Demonspawn Chaos Knight began the quest for the Orb.
     0 | D:1      | Reached XP level 1. HP: 18/18 MP: 1/1
   355 | D:1      | XOM: potion effect (brilliance)
   366 | D:1      | XOM: butterfly on damage
   367 | D:1      | Gained mutation: A weak demonic guardian rushes to your aid. [demonic ancestry]
   367 | D:1      | Reached XP level 2. HP: 6/24 MP: 2/2
   836 | D:1      | XOM: divination: magic mapping
  1373 | D:1      | XOM: silly message
  1431 | D:2      | Found a faded altar of an unknown god.
  1500 | D:2      | Reached skill level 1 in Dodging
  1541 | D:2      | XOM: harmless Hex miscast
  1735 | D:2      | Gained mutation: You have a pair of small antennae on your head. [demonic ancestry]
  1735 | D:2      | Reached XP level 3. HP: 27/29 MP: 3/3
  1786 | D:2      | XOM: scenery: create altars
  2336 | D:3      | Slain by an orc

Skill      XL: |  1  2 |
---------------+-------+-----
Armour         | 2 |  2.2
Axes           | 3 |  3.4
Dodging        | 1 |  1.1
Fighting       | |  3.4
Stealth        | |  0.8

Action                   || total
-------------------------++-------
Melee: Hand axe          ||    97
Throw: Javelin           ||     4
  Use: Scroll            ||     4
 Stab: Paralysed         ||     1
  Eat: Bread ration      ||     1
       Fruit             ||     1
Armor: Leather armour    ||    33
Dodge: Dodged            ||    50
